| TOP OF THE 1ST |
|
Columbia Fireflies batting - Pitching for San Antonio Missions : RHP Carlos Sepulveda
|
|
Pitching: RHP Carlos Sepulveda
|
|
|
Batting: RHB Billy Walker
|
0-0: Called Strike 0-1: Swinging Strike 0-2: Ball 1-2: Foul Ball, location: 2F 1-2: Ground out 6-3 (Groundball, 6, EV 106.9 MPH)
|
|
Batting: LHB Pete DeHart
|
0-0: Fly out, F7 (Flyball, 7, EV 91.9 MPH)
|
|
Batting: LHB Roy Riess
|
0-0: Called Strike 0-1: Ball 1-1: Foul Ball, location: 2F 1-2: Strikes out swinging
|
| Top of the 1st over - 0 runs, 0 hits, 0 errors, 0 left on base; Columbia 0 - San Antonio 0 |
| BOTTOM OF THE 1ST |
|
San Antonio Missions batting - Pitching for Columbia Fireflies : RHP Brett Hackmann
|
|
Pitching: RHP Brett Hackmann
|
|
|
Batting: SHB Ryohei Nakano
|
0-0: Called Strike 0-1: Ground out 4-3 (Groundball, 4, EV 88.8 MPH)
|
|
Batting: LHB Conrad Taylor
|
0-0: Ball 1-0: Ball 2-0: Ball 3-0: Base on Balls
|
|
Batting: RHB Ryan Flynn
|
0-0: Foul Ball, location: 2F 0-1: Swinging Strike 0-2: Ball 1-2: Foul Ball, location: 2F 1-2: Strikes out looking
|
|
Batting: LHB Javy Portela
|
0-0: Called Strike 0-1: Swinging Strike 0-2: Strikes out swinging
|
| Bottom of the 1st over - 0 runs, 0 hits, 0 errors, 1 left on base; Columbia 0 - San Antonio 0 |
| TOP OF THE 2ND |
|
Columbia Fireflies batting - Pitching for San Antonio Missions : RHP Carlos Sepulveda
|
|
Batting: RHB Jeff MacPhee
|
0-0: Ball 1-0: Ball 2-0: Ground out U3 (Groundball, 34, EV 87.5 MPH)
|
|
Batting: RHB Bobby Campbell
|
0-0: Ball 1-0: Swinging Strike 1-1: Ball 2-1: DOUBLE (Groundball, 3L, EV 105.6 MPH)
|
|
Batting: RHB Seth Daniel
|
0-0: Foul Ball, location: 2F 0-1: Ball 1-1: Foul Ball, location: 2F 1-2: Ball 2-2: Ball 3-2: SINGLE (Line Drive, 8RS, EV 91.2 MPH) Bobby Campbell to third
|
|
Batting: RHB Jonathan Jelich
|
0-0: Grounds into double play, 5-4-3 (Groundball, 56, EV 97.5 MPH)
|
| Top of the 2nd over - 0 runs, 2 hits, 0 errors, 1 left on base; Columbia 0 - San Antonio 0 |
| BOTTOM OF THE 2ND |
|
San Antonio Missions batting - Pitching for Columbia Fireflies : RHP Brett Hackmann
|
|
Batting: RHB Scott Schwartz
|
0-0: Foul Ball, location: 2F 0-1: Ball 1-1: Foul Ball, location: 2F 1-2: Fly out, F9 (Flyball, 9LS, EV 93.8 MPH)
|
|
Batting: RHB Kyle Davis
|
0-0: Called Strike 0-1: Bunt missed! 0-2: Ground out 6-3 (Groundball, 6M, EV 101.2 MPH)
|
|
Batting: LHB Josh Slusarczyk
|
0-0: Called Strike 0-1: Ball 1-1: Called Strike 1-2: Ball 2-2: Ball 3-2: Fly out, F8 (Flyball, 8RD, EV 80.0 MPH)
|
| Bottom of the 2nd over - 0 runs, 0 hits, 0 errors, 0 left on base; Columbia 0 - San Antonio 0 |
| TOP OF THE 3RD |
|
Columbia Fireflies batting - Pitching for San Antonio Missions : RHP Carlos Sepulveda
|
|
Batting: RHB Ricky Trejo
|
0-0: Ball 1-0: Called Strike 1-1: Ground out 6-3 (Groundball, 6, EV 101.9 MPH)
|
|
Batting: RHB Omar Gonzalez
|
0-0: Ball 1-0: Ball 2-0: Ground out 6-3 (Groundball, 6, EV 88.8 MPH)
|
|
Batting: RHB Billy Walker
|
0-0: Ball 1-0: Called Strike 1-1: Ball 2-1: Ball 3-1: Foul Ball, location: 2F 3-2: Fly out, F8 (Flyball, 89D, EV 100.6 MPH)
|
| Top of the 3rd over - 0 runs, 0 hits, 0 errors, 0 left on base; Columbia 0 - San Antonio 0 |
| BOTTOM OF THE 3RD |
|
San Antonio Missions batting - Pitching for Columbia Fireflies : RHP Brett Hackmann
|
|
Batting: RHB Min-chin Yi
|
0-0: Foul Ball, location: 2F 0-1: Ground out 6-3 (Groundball, 6, EV 84.4 MPH)
|
|
Batting: SHB Curtis Thompson
|
0-0: Called Strike 0-1: Called Strike 0-2: Ball 1-2: Foul Ball, location: 2F 1-2: Ball 2-2: Ball 3-2: Base on Balls
|
|
Batting: SHB Ryohei Nakano
|
0-0: Ball 1-0: Called Strike Curtis Thompson steals 2nd base 1-1: Ball 2-1: Foul Ball, location: 2F 2-2: Strikes out swinging
|
|
Batting: LHB Conrad Taylor
|
0-0: Ball 1-0: Ball 2-0: Ball 3-0: Called Strike 3-1: Base on Balls
|
|
Batting: RHB Ryan Flynn
|
0-0: Ball 1-0: Ball 2-0: SINGLE (Flyball, 8RS, EV 93.1 MPH) Curtis Thompson to third Conrad Taylor to second
|
|
Batting: LHB Javy Portela
|
0-0: Ball 1-0: Fly out, F1 (Popup, 15, EV 84.4 MPH)
|
| Bottom of the 3rd over - 0 runs, 1 hit, 0 errors, 3 left on base; Columbia 0 - San Antonio 0 |
| TOP OF THE 4TH |
|
Columbia Fireflies batting - Pitching for San Antonio Missions : RHP Carlos Sepulveda
|
|
Batting: LHB Pete DeHart
|
0-0: Called Strike 0-1: Foul Ball, location: 2F 0-2: Ball 1-2: Ball 2-2: Foul Ball, location: 2F 2-2: Strikes out swinging
|
|
Batting: LHB Roy Riess
|
0-0: Ground out 6-3 (Groundball, 6, EV 84.4 MPH)
|
|
Batting: RHB Jeff MacPhee
|
0-0: Ball 1-0: Foul Ball, location: 2F 1-1: Ground out U3 (Groundball, 3, EV 108.8 MPH)
|
| Top of the 4th over - 0 runs, 0 hits, 0 errors, 0 left on base; Columbia 0 - San Antonio 0 |
| BOTTOM OF THE 4TH |
|
San Antonio Missions batting - Pitching for Columbia Fireflies : RHP Brett Hackmann
|
|
Batting: RHB Scott Schwartz
|
0-0: Foul Ball, location: 2F 0-1: Swinging Strike 0-2: Ball 1-2: Ball 2-2: Strikes out swinging
|
|
Batting: RHB Kyle Davis
|
0-0: Called Strike 0-1: SINGLE (Groundball, 4MD, EV 98.8 MPH)
|
|
Batting: LHB Josh Slusarczyk
|
0-0: Ball Kyle Davis steals 2nd base 1-0: Ball 2-0: 2-RUN HOME RUN (Flyball, 8LXD, EV 106.2 MPH), Distance : 431 ft
|
|
Batting: RHB Min-chin Yi
|
0-0: Ball 1-0: Ball 2-0: Ball 3-0: Called Strike 3-1: Base on Balls
|
|
Batting: SHB Curtis Thompson
|
0-0: Called Strike 0-1: Ball 1-1: Fielders Choice at 2nd, 5-4 (Groundball, 56S, EV 88.1 MPH)
|
|
Batting: SHB Ryohei Nakano
|
0-0: Ball 1-0: Called Strike Curtis Thompson steals 2nd base (no throw) 1-1: Foul Ball, location: 2F 1-2: Strikes out swinging
|
| Bottom of the 4th over - 2 runs, 2 hits, 0 errors, 1 left on base; Columbia 0 - San Antonio 2 |
| TOP OF THE 5TH |
|
Columbia Fireflies batting - Pitching for San Antonio Missions : RHP Carlos Sepulveda
|
|
Batting: RHB Bobby Campbell
|
0-0: Ground out 6-3 (Groundball, 6, EV 87.5 MPH)
|
|
Batting: RHB Seth Daniel
|
0-0: Ball 1-0: Ball 2-0: Swinging Strike 2-1: Foul Ball, location: 2F 2-2: Strikes out swinging
|
|
Batting: RHB Jonathan Jelich
|
0-0: Ball 1-0: Called Strike 1-1: Swinging Strike 1-2: Ball 2-2: Foul Ball, location: 2F 2-2: Ball 3-2: Ground out 6-3 (Groundball, 6, EV 86.9 MPH)
|
| Top of the 5th over - 0 runs, 0 hits, 0 errors, 0 left on base; Columbia 0 - San Antonio 2 |
| BOTTOM OF THE 5TH |
|
San Antonio Missions batting - Pitching for Columbia Fireflies : RHP Brett Hackmann
|
|
Batting: LHB Conrad Taylor
|
0-0: SINGLE (Groundball, 4MD, EV 101.9 MPH)
|
|
Batting: RHB Ryan Flynn
|
0-0: Called Strike 0-1: Ball 1-1: Foul Ball, location: 2F 1-2: Foul Ball, location: 2F 1-2: Ball 2-2: Strikes out swinging
|
|
Batting: LHB Javy Portela
|
0-0: Called Strike 0-1: Swinging Strike 0-2: Strikes out swinging
|
|
Batting: RHB Scott Schwartz
|
0-0: Swinging Strike 0-1: Ball 1-1: Called Strike 1-2: Fielders Choice at 2nd, 5-4 (Groundball, 56, EV 85.6 MPH)
|
| Bottom of the 5th over - 0 runs, 1 hit, 0 errors, 1 left on base; Columbia 0 - San Antonio 2 |
| TOP OF THE 6TH |
|
Columbia Fireflies batting - Pitching for San Antonio Missions : RHP Carlos Sepulveda
|
|
Batting: RHB Ricky Trejo
|
0-0: Called Strike 0-1: Ball 1-1: Ball 2-1: Reached on error, E3 (Groundball, 3, EV 80.0 MPH)
|
|
Batting: RHB Omar Gonzalez
|
0-0: Ball 1-0: SINGLE (Groundball, 13, EV 84.4 MPH) (infield hit) Ricky Trejo to second
|
|
Batting: RHB Billy Walker
|
0-0: Called Strike 0-1: Ball 1-1: Swinging Strike 1-2: Strikes out swinging
|
|
Batting: LHB Pete DeHart
|
0-0: Foul Ball, location: 2F 0-1: Fly out, F8 (Flyball, 8LD, EV 103.1 MPH) Runner from 2nd tags up, SAFE at 3rd with throw by CF
|
|
Batting: LHB Roy Riess
|
0-0: Ball 1-0: Foul Ball, location: 2F 1-1: Ball 2-1: Swinging Strike 2-2: SINGLE (Line Drive, 8RS, EV 94.4 MPH) Ricky Trejo scores Omar Gonzalez to second Runner from 2nd tries for 3rd, SAFE, throw by CF made to third
|
|
Batting: RHB Jeff MacPhee
|
0-0: Called Strike 0-1: Ball 1-1: SINGLE (Groundball, 4D, EV 108.1 MPH) Omar Gonzalez scores Roy Riess to second Runner from 2nd tries for 3rd, SAFE, throw by RF made at trailing runner, OUT! 9-6
|
| Top of the 6th over - 2 runs, 3 hits, 1 error, 1 left on base; Columbia 2 - San Antonio 2 |
| BOTTOM OF THE 6TH |
|
San Antonio Missions batting - Pitching for Columbia Fireflies : RHP Brett Hackmann
|
|
Pitching: RHP Austin Kuhn
|
|
|
Batting: RHB Kyle Davis
|
0-0: Ball 1-0: Ball 2-0: Called Strike 2-1: Called Strike 2-2: Ball 3-2: Ground out 4-3 (Groundball, 4, EV 103.1 MPH)
|
|
Pitching: RHP Iwao Machida
|
|
|
Batting: LHB Josh Slusarczyk
|
0-0: Ball 1-0: Foul Ball, location: 2F 1-1: Ball 2-1: Foul Ball, location: 2F 2-2: Ground out 4-3 (Groundball, 4, EV 80.0 MPH)
|
|
Batting: RHB Min-chin Yi
|
0-0: Swinging Strike 0-1: Ball 1-1: Foul Ball, location: 2F 1-2: Strikes out swinging
|
| Bottom of the 6th over - 0 runs, 0 hits, 0 errors, 0 left on base; Columbia 2 - San Antonio 2 |
| TOP OF THE 7TH |
|
Columbia Fireflies batting - Pitching for San Antonio Missions : RHP Carlos Sepulveda
|
|
Batting: RHB Bobby Campbell
|
0-0: Ball 1-0: Called Strike 1-1: SINGLE (Line Drive, 78M, EV 106.2 MPH)
|
|
Batting: RHB Seth Daniel
|
0-0: Ball 1-0: SINGLE (Groundball, 25, EV 72.5 MPH) (infield hit) Bobby Campbell to second
|
|
Pinch Runner at 2nd Eddie Mitchell:
|
|
|
Batting: RHB Jonathan Jelich
|
0-0: Sac Bunt to 15S - play at first, batter OUT! 1-4 Eddie Mitchell to third Seth Daniel to second
|
|
Batting: RHB Ricky Trejo
|
0-0: Ball 1-0: Ground out 5-3 (Groundball, 25, EV 88.8 MPH)
|
|
Batting: RHB Omar Gonzalez
|
0-0: Ball 1-0: Ball 2-0: Foul Ball, location: 2F 2-1: Swinging Strike 2-2: Ground out 6-3 (Groundball, 6, EV 83.1 MPH)
|
| Top of the 7th over - 0 runs, 2 hits, 0 errors, 2 left on base; Columbia 2 - San Antonio 2 |
| BOTTOM OF THE 7TH |
|
San Antonio Missions batting - Pitching for Columbia Fireflies : RHP Iwao Machida
|
|
Now at 3B: Bobby Mabrey
|
|
|
Batting: SHB Curtis Thompson
|
0-0: Ball 1-0: Called Strike 1-1: Called Strike 1-2: Ball 2-2: Foul Ball, location: 2F 2-2: Fly out, F5 (Popup, 6, EV 53.8 MPH)
|
|
Batting: SHB Ryohei Nakano
|
0-0: Ball 1-0: Fly out, F8 (Flyball, 8LD, EV 106.2 MPH)
|
|
Batting: LHB Conrad Taylor
|
0-0: Foul Ball, location: 2F 0-1: DOUBLE (Line Drive, 8RXD, EV 108.8 MPH)
|
|
Batting: RHB Ryan Flynn
|
0-0: Called Strike 0-1: Foul Ball, location: 2F 0-2: Ball 1-2: Ground out 6-3 (Groundball, 56, EV 90.0 MPH)
|
| Bottom of the 7th over - 0 runs, 1 hit, 0 errors, 1 left on base; Columbia 2 - San Antonio 2 |
| TOP OF THE 8TH |
|
Columbia Fireflies batting - Pitching for San Antonio Missions : RHP Carlos Sepulveda
|
|
Pitching: RHP Travis White
|
|
|
Batting: RHB Billy Walker
|
0-0: Called Strike 0-1: DOUBLE (Flyball, 8RD, EV 105.0 MPH)
|
|
Batting: LHB Pete DeHart
|
0-0: Ground out 6-3 (Groundball, 6, EV 86.9 MPH) Billy Walker to third
|
|
Batting: LHB Roy Riess
|
0-0: Called Strike 0-1: Ball 1-1: Swinging Strike 1-2: Strikes out swinging
|
|
Batting: RHB Jeff MacPhee
|
0-0: Foul Ball, location: 2F 0-1: Fly out, F8 (Flyball, 8LD, EV 92.5 MPH)
|
| Top of the 8th over - 0 runs, 1 hit, 0 errors, 1 left on base; Columbia 2 - San Antonio 2 |
| BOTTOM OF THE 8TH |
|
San Antonio Missions batting - Pitching for Columbia Fireflies : RHP Iwao Machida
|
|
Pitching: LHP Matt Allert
|
|
|
Batting: LHB Javy Portela
|
0-0: Ground out 4-3 (Groundball, 4D, EV 105.6 MPH)
|
|
Batting: RHB Scott Schwartz
|
0-0: Ball 1-0: Ground out 6-3 (Groundball, 6M, EV 77.5 MPH)
|
|
Batting: RHB Kyle Davis
|
0-0: Ball 1-0: Ball 2-0: Called Strike 2-1: Called Strike 2-2: Fly out, F9 (Flyball, 89S, EV 85.6 MPH)
|
| Bottom of the 8th over - 0 runs, 0 hits, 0 errors, 0 left on base; Columbia 2 - San Antonio 2 |
| TOP OF THE 9TH |
|
Columbia Fireflies batting - Pitching for San Antonio Missions : RHP Travis White
|
|
Batting: RHB Bobby Mabrey
|
0-0: Ball 1-0: Swinging Strike 1-1: Swinging Strike 1-2: Foul Ball, location: 2F 1-2: Strikes out looking
|
|
Batting: RHB Seth Daniel
|
0-0: Ball 1-0: Fly out, F7 (Flyball, 7D, EV 76.9 MPH)
|
|
Pinch Hitting: LHB Roy Blonski
|
0-0: Ground out 4-3 (Groundball, 4, EV 77.5 MPH)
|
| Top of the 9th over - 0 runs, 0 hits, 0 errors, 0 left on base; Columbia 2 - San Antonio 2 |
| BOTTOM OF THE 9TH |
|
San Antonio Missions batting - Pitching for Columbia Fireflies : LHP Matt Allert
|
|
Pitching: RHP Ryan Wilson
|
|
|
Now at 2B: Jose Copado
|
|
|
Batting: LHB Josh Slusarczyk
|
0-0: Called Strike 0-1: Called Strike 0-2: Ball 1-2: Strikes out swinging
|
|
Pinch Hitting: LHB Ryan Flynn Jr.
|
0-0: Foul Ball, location: 2F 0-1: Ball 1-1: Swinging Strike 1-2: Foul Ball, location: 2F 1-2: Ball 2-2: Ball 3-2: Fly out, F8 (Line Drive, 8LD, EV 90.0 MPH)
|
|
Batting: SHB Curtis Thompson
|
0-0: Swinging Strike 0-1: Foul Ball, location: 2F 0-2: Ball 1-2: Ball 2-2: Foul Ball, location: 2F 2-2: Ball 3-2: Strikes out swinging
|
| Bottom of the 9th over - 0 runs, 0 hits, 0 errors, 0 left on base; Columbia 2 - San Antonio 2 |
| TOP OF THE 10TH |
|
Columbia Fireflies batting - Pitching for San Antonio Missions : RHP Travis White
|
|
Pitching: LHP Ed Valdez
|
|
|
Now in CF: Ryan Flynn Jr.
|
|
|
Batting: RHB Ricky Trejo
|
0-0: Ball 1-0: Fly out, F8 (Flyball, 89D, EV 80.0 MPH)
|
|
Batting: RHB Omar Gonzalez
|
0-0: Ball 1-0: Fly out, F3 (Line Drive, 3, EV 68.8 MPH)
|
|
Batting: RHB Billy Walker
|
0-0: Called Strike 0-1: Called Strike 0-2: Foul Ball, location: 2F 0-2: Foul Ball, location: 2F 0-2: Ball 1-2: DOUBLE (Flyball, 8LD, EV 103.8 MPH)
|
|
Pinch Hitting: RHB Mike Phillips
|
0-0: Ball 1-0: Swinging Strike 1-1: Ground out 6-3 (Groundball, P, EV 80.0 MPH)
|
| Top of the 10th over - 0 runs, 1 hit, 0 errors, 1 left on base; Columbia 2 - San Antonio 2 |
| BOTTOM OF THE 10TH |
|
San Antonio Missions batting - Pitching for Columbia Fireflies : RHP Ryan Wilson
|
|
Pitching: RHP Bruce Charles
|
|
|
Now in CF: Jeff MacPhee
|
|
|
Now in RF: Chris Carter
|
|
|
Batting: SHB Ryohei Nakano
|
0-0: Ball 1-0: Called Strike 1-1: Ball 2-1: SINGLE (Groundball, 4MD, EV 108.1 MPH)
|
|
Batting: LHB Conrad Taylor
|
0-0: Called Strike 0-1: Called Strike 0-2: Ball 1-2: Ball 2-2: Ball 3-2: Grounds into double play, 4-6-3 (Groundball, 4M, EV 105.6 MPH)
|
|
Batting: RHB Ryan Flynn
|
0-0: Ball 1-0: Called Strike 1-1: Ball 2-1: Ball 3-1: Base on Balls
|
|
Batting: LHB Javy Portela
|
0-0: Ball 1-0: Called Strike 1-1: Ball 2-1: Ball 3-1: Ground out 4-3 (Groundball, 4, EV 85.6 MPH)
|
| Bottom of the 10th over - 0 runs, 1 hit, 0 errors, 1 left on base; Columbia 2 - San Antonio 2 |
| TOP OF THE 11TH |
|
Columbia Fireflies batting - Pitching for San Antonio Missions : LHP Ed Valdez
|
|
Batting: LHB Roy Riess
|
0-0: Called Strike 0-1: Swinging Strike 0-2: Foul Ball, location: 2F 0-2: Ball 1-2: Strikes out swinging
|
|
Batting: RHB Jeff MacPhee
|
0-0: Ball 1-0: SINGLE (Groundball, 5S, EV 68.1 MPH) (infield hit)
|
|
Batting: RHB Bobby Mabrey
|
0-0: SINGLE (Line Drive, 3D, EV 95.0 MPH) Jeff MacPhee to second
|
|
Batting: RHB Seth Daniel
|
0-0: Foul Ball, location: 2F 0-1: Foul Ball, location: 2F 0-2: Ground out 5-3 (Groundball, 25, EV 63.8 MPH) Jeff MacPhee to third Bobby Mabrey to second
|
|
Batting: RHB Jose Copado
|
0-0: Intentional Walk
|
|
Batting: RHB Ricky Trejo
|
0-0: Reached on error, E6 (Groundball, 6S, EV 64.4 MPH) Jeff MacPhee scores Bobby Mabrey scores Jose Copado to third
|
|
Batting: RHB Omar Gonzalez
|
0-0: Ball 1-0: SINGLE (Flyball, 4MD, EV 88.8 MPH) Jose Copado scores Ricky Trejo to third Runner from 3rd tries for Home, SAFE, throw by CF to home
|
|
Pitching: RHP Eric Fragoso
|
|
|
Batting: RHB Billy Walker
|
0-0: Ball 1-0: Ball 2-0: Foul Ball, location: 2F 2-1: Ground out 4-3 (Groundball, 4, EV 103.1 MPH)
|
| Top of the 11th over - 4 runs, 3 hits, 1 error, 1 left on base; Columbia 6 - San Antonio 2 |
| BOTTOM OF THE 11TH |
|
San Antonio Missions batting - Pitching for Columbia Fireflies : RHP Bruce Charles
|
|
Batting: RHB Scott Schwartz
|
0-0: Ball 1-0: Ball 2-0: Swinging Strike 2-1: Called Strike 2-2: Ball 3-2: Strikes out swinging
|
|
Batting: RHB Kyle Davis
|
0-0: Foul Ball, location: 2F 0-1: Swinging Strike 0-2: Strikes out swinging
|
|
Batting: LHB Josh Slusarczyk
|
0-0: Ball 1-0: Ball 2-0: Foul Ball, location: 2F 2-1: Ground out U3 (Groundball, 3, EV 77.5 MPH)
|
| Bottom of the 11th over - 0 runs, 0 hits, 0 errors, 0 left on base; Columbia 6 - San Antonio 2 |
|